SNL (28 & UNDER)
WEST VIRGINIA POWER @ NEW HAMPSHIRE FISHER CATS
05/13/2024
 
TOP OF THE 1ST
West Virginia Power batting - Pitching for New Hampshire Fisher Cats : RHP Ron Scott
Pitching: RHP Ron Scott
Batting: RHB Luis Encarnación 0-0: Ball
1-0: Ball
2-0: TRIPLE (Line Drive, 8RD)
Batting: RHB Alfonso Huertas 0-0: Ball
1-0: Foul Ball, location: 2F
1-1: SINGLE (Groundball, 15) (infield hit)
Batting: LHB Fernando Ortíz 0-0: Ball
1-0: Called Strike
1-1: Ball
2-1: Foul Ball, location: 2F
2-2: Ball
3-2: Strikes out swinging
Batting: LHB Pablo Reyes 0-0: Ball
1-0: Fly out, F7 (Flyball, 78M)
Runner from 3rd tags up, SCORES, no throw
Batting: SHB Edward Bartlett 0-0: Ball
1-0: Swinging Strike
1-1: Ground out 4-3 (Groundball, 4)
Top of the 1st over - 1 run(s), 2 hit(s), 0 error(s), 1 left on base; West Virginia 1 - New Hampshire 0
BOTTOM OF THE 1ST
New Hampshire Fisher Cats batting - Pitching for West Virginia Power : RHP Aurelio Barrón
Pitching: RHP Aurelio Barrón
Batting: LHB Héctor Rentería 0-0: Fly out, F8 (Line Drive, 8LD)
Batting: RHB Keith Ford 0-0: Called Strike
0-1: Reached on error, E4 (Groundball, 4)
Batting: RHB Phil Matthews 0-0: Called Strike
0-1: Ball
1-1: Ball
2-1: Ball
3-1: Fielders Choice at 2nd, U6 (Groundball, 6M)
Batting: RHB Júlio Trinidad 0-0: Ball
1-0: Ball
2-0: Ball
3-0: Called Strike
3-1: Base on Balls
Phil Matthews to second
Batting: RHB Tim Robertson 0-0: Ball
1-0: Called Strike
1-1: Foul Ball, location: 2F
1-2: Strikes out swinging
Bottom of the 1st over - 0 run(s), 0 hit(s), 1 error(s), 2 left on base; West Virginia 1 - New Hampshire 0
TOP OF THE 2ND
West Virginia Power batting - Pitching for New Hampshire Fisher Cats : RHP Ron Scott
Batting: LHB Jesús Ángel 0-0: Ball
1-0: Ball
2-0: Fly out, F5 (Line Drive, 5S)
Batting: SHB José Valdéz 0-0: Foul Ball, location: 2F
0-1: Foul Ball, location: 2F
0-2: Ball
1-2: Ball
2-2: Foul Ball, location: 2F
2-2: Strikes out swinging
Batting: RHB Lance Wolf 0-0: Called Strike
0-1: Ball
1-1: Called Strike
1-2: Fly out, F2 (Popup, 23F)
Top of the 2nd over - 0 run(s), 0 hit(s), 0 error(s), 0 left on base; West Virginia 1 - New Hampshire 0
BOTTOM OF THE 2ND
New Hampshire Fisher Cats batting - Pitching for West Virginia Power : RHP Aurelio Barrón
Batting: RHB Chris Parker 0-0: Called Strike
0-1: Swinging Strike
0-2: Ball
1-2: Foul Ball, location: 2F
1-2: Foul Ball, location: 2F
1-2: Ball
2-2: Ball
3-2: Base on Balls
Batting: RHB Benjamin Lawson 0-0: Ball
1-0: DOUBLE (Line Drive, 9LM)
Chris Parker to third
Batting: RHB Gilberto Guzmán 0-0: Ball
1-0: Fly out, F9 (Flyball, 9M)
Batting: RHB Santiago Vallés 0-0: Called Strike
0-1: Swinging Strike
0-2: Ball
1-2: Strikes out swinging
Batting: LHB Héctor Rentería 0-0: Ball
1-0: Ball
2-0: Called Strike
2-1: Ball
3-1: Called Strike
3-2: Foul Ball, location: 2F
3-2: Foul Ball, location: 2F
3-2: Foul Ball, location: 2F
3-2: Strikes out swinging
Bottom of the 2nd over - 0 run(s), 1 hit(s), 0 error(s), 2 left on base; West Virginia 1 - New Hampshire 0
TOP OF THE 3RD
West Virginia Power batting - Pitching for New Hampshire Fisher Cats : RHP Ron Scott
Batting: RHB Brett Bell 0-0: Ball
1-0: Foul Ball, location: 2F
1-1: Ground out 6-3 (Groundball, 6M)
Batting: RHB Luis Encarnación 0-0: Foul Ball, location: 2F
0-1: Ball
1-1: Ball
2-1: Foul Ball, location: 2F
2-2: Strikes out swinging
Batting: RHB Alfonso Huertas 0-0: Ball
1-0: Ball
2-0: Called Strike
2-1: Ball
3-1: Foul Ball, location: 2F
3-2: Foul Ball, location: 2F
3-2: Ground out 5-3 (Groundball, 5S)
Top of the 3rd over - 0 run(s), 0 hit(s), 0 error(s), 0 left on base; West Virginia 1 - New Hampshire 0
BOTTOM OF THE 3RD
New Hampshire Fisher Cats batting - Pitching for West Virginia Power : RHP Aurelio Barrón
Batting: RHB Keith Ford 0-0: Fly out, F7 (Flyball, 7D)
Batting: RHB Phil Matthews 0-0: Ball
1-0: Ball
2-0: Called Strike
2-1: Ball
3-1: Foul Ball, location: 2F
3-2: Fly out, F5 (Popup, 5F)
Batting: RHB Júlio Trinidad 0-0: Ball
1-0: Called Strike
1-1: Fly out, F9 (Flyball, 89D)
Bottom of the 3rd over - 0 run(s), 0 hit(s), 0 error(s), 0 left on base; West Virginia 1 - New Hampshire 0
TOP OF THE 4TH
West Virginia Power batting - Pitching for New Hampshire Fisher Cats : RHP Ron Scott
Batting: LHB Fernando Ortíz 0-0: Fly out, F9 (Line Drive, 89M)
Batting: LHB Pablo Reyes 0-0: Ball
1-0: Ball
2-0: Swinging Strike
2-1: Foul Ball, location: 2F
2-2: Ground out 6-3 (Groundball, 6)
Batting: SHB Edward Bartlett 0-0: Ball
1-0: Called Strike
1-1: Ball
2-1: SINGLE (Groundball, 4M)
Batting: LHB Jesús Ángel 0-0: Ball
Passed Ball!
Edward Bartlett to second
1-0: Foul Ball, location: 2F
1-1: Called Strike
1-2: Foul Ball, location: 2F
1-2: Ball
2-2: Strikes out swinging
Top of the 4th over - 0 run(s), 1 hit(s), 0 error(s), 1 left on base; West Virginia 1 - New Hampshire 0
BOTTOM OF THE 4TH
New Hampshire Fisher Cats batting - Pitching for West Virginia Power : RHP Aurelio Barrón
Batting: RHB Tim Robertson 0-0: Swinging Strike
0-1: Called Strike
0-2: Ground out 4-3 (Groundball, 4M)
Batting: RHB Chris Parker 0-0: Called Strike
0-1: Foul Ball, location: 2F
0-2: Ground out 5-3 (Groundball, 5)
Batting: RHB Benjamin Lawson 0-0: Ball
1-0: Swinging Strike
1-1: Called Strike
1-2: Foul Ball, location: 2F
1-2: Strikes out swinging
Bottom of the 4th over - 0 run(s), 0 hit(s), 0 error(s), 0 left on base; West Virginia 1 - New Hampshire 0
TOP OF THE 5TH
West Virginia Power batting - Pitching for New Hampshire Fisher Cats : RHP Ron Scott
Batting: SHB José Valdéz 0-0: Ball
1-0: Foul Ball, location: 2F
1-1: Foul Ball, location: 2F
1-2: Strikes out looking
Batting: RHB Lance Wolf 0-0: Ball
1-0: Fly out, F9 (Flyball, 9M)
Batting: RHB Brett Bell 0-0: Ball
1-0: Ball
2-0: Ball
3-0: Called Strike
3-1: Foul Ball, location: 2F
3-2: Base on Balls
Batting: RHB Luis Encarnación 0-0: Ball
1-0: Foul Ball, location: 2F
1-1: Swinging Strike
1-2: Strikes out swinging
Top of the 5th over - 0 run(s), 0 hit(s), 0 error(s), 1 left on base; West Virginia 1 - New Hampshire 0
BOTTOM OF THE 5TH
New Hampshire Fisher Cats batting - Pitching for West Virginia Power : RHP Aurelio Barrón
Batting: RHB Gilberto Guzmán 0-0: Called Strike
0-1: SOLO HOME RUN (Flyball, 7D), Distance : 390 ft
Batting: RHB Santiago Vallés 0-0: Called Strike
0-1: Ground out 6-3 (Groundball, 6)
Batting: LHB Héctor Rentería 0-0: Foul Ball, location: 2F
0-1: Ball
1-1: SINGLE (Line Drive, 6MD)
Batting: RHB Keith Ford 0-0: Called Strike
0-1: Ball
1-1: Ball
2-1: Foul Ball, location: 2F
2-2: Ball
3-2: Grounds into double play, 6-4-3 (Groundball, 6M)
Bottom of the 5th over - 1 run(s), 2 hit(s), 0 error(s), 0 left on base; West Virginia 1 - New Hampshire 1
TOP OF THE 6TH
West Virginia Power batting - Pitching for New Hampshire Fisher Cats : RHP Ron Scott
Batting: RHB Alfonso Huertas 0-0: Ball
1-0: Called Strike
1-1: Foul Ball, location: 2F
1-2: Ground out U3 (Groundball, 3L)
Pitching: RHP Takechi Sayuki
Batting: LHB Fernando Ortíz 0-0: Foul Ball, location: 2F
0-1: Foul Ball, location: 2F
0-2: Strikes out swinging
Batting: LHB Pablo Reyes 0-0: Ball
1-0: Ball
2-0: Ball
3-0: Base on Balls
Batting: SHB Edward Bartlett 0-0: Ball
1-0: Called Strike
1-1: Ball
2-1: Ground out 6-3 (Groundball, 6)
Top of the 6th over - 0 run(s), 0 hit(s), 0 error(s), 1 left on base; West Virginia 1 - New Hampshire 1
BOTTOM OF THE 6TH
New Hampshire Fisher Cats batting - Pitching for West Virginia Power : RHP Aurelio Barrón
Batting: RHB Phil Matthews 0-0: Called Strike
0-1: DOUBLE (Line Drive, 78M)
Batting: RHB Júlio Trinidad 0-0: Called Strike
0-1: Ball
Wild Pitch!
Phil Matthews to third
1-1: Ball
2-1: Ball
3-1: Base on Balls
Pitching: RHP Cory Lowe
Batting: RHB Tim Robertson 0-0: Foul Ball, location: 2F
0-1: Swinging Strike
0-2: Ball
1-2: Ball
Júlio Trinidad steals 2nd base
2-2: Foul Ball, location: 2F
2-2: Ball
3-2: Foul Ball, location: 2F
3-2: Ground out 6-3 (Groundball, 6)
Pitching: RHP Kenny Skinner
Batting: RHB Chris Parker 0-0: Ball
1-0: Ball
2-0: Ball
3-0: Base on Balls
Batting: RHB Benjamin Lawson 0-0: Foul Ball, location: 2F
0-1: Foul Ball, location: 2F
0-2: Strikes out swinging
Batting: RHB Gilberto Guzmán 0-0: Called Strike
0-1: Ball
1-1: Foul Ball, location: 2F
1-2: Strikes out swinging
Bottom of the 6th over - 0 run(s), 1 hit(s), 0 error(s), 3 left on base; West Virginia 1 - New Hampshire 1
TOP OF THE 7TH
West Virginia Power batting - Pitching for New Hampshire Fisher Cats : RHP Takechi Sayuki
Batting: LHB Jesús Ángel 0-0: Foul Ball, location: 2F
0-1: Ball
1-1: Called Strike
1-2: Strikes out looking
Batting: SHB José Valdéz 0-0: Foul Ball, location: 2F
0-1: Swinging Strike
0-2: Strikes out swinging
Pinch Hitting: RHB Ben Dougherty 0-0: Called Strike
0-1: Ball
1-1: Ball
2-1: Ball
3-1: Foul Ball, location: 2F
3-2: Foul Ball, location: 2F
3-2: Strikes out swinging
Top of the 7th over - 0 run(s), 0 hit(s), 0 error(s), 0 left on base; West Virginia 1 - New Hampshire 1
BOTTOM OF THE 7TH
New Hampshire Fisher Cats batting - Pitching for West Virginia Power : RHP Kenny Skinner
Now at 3B: Ron Guillén
Batting: RHB Santiago Vallés 0-0: Called Strike
0-1: Ball
1-1: Ground out U3 (Groundball, 3S)
Batting: LHB Héctor Rentería 0-0: Ball
1-0: Swinging Strike
1-1: Foul Ball, location: 2F
1-2: Strikes out looking
Batting: RHB Keith Ford 0-0: Called Strike
0-1: Foul Ball, location: 2F
0-2: Ball
1-2: Ball
2-2: Ball
3-2: Foul Ball, location: 2F
3-2: Base on Balls
Batting: RHB Phil Matthews 0-0: Ball
1-0: Ball
2-0: Ball
3-0: Base on Balls
Keith Ford to second
Batting: RHB Júlio Trinidad 0-0: SINGLE (Groundball, 4D)
Keith Ford to third
Phil Matthews to second
Runner from 3rd tries for Home, SAFE, no throw or cutoff
Batting: RHB Tim Robertson 0-0: Ball
1-0: Ball
2-0: Ball
3-0: Called Strike
3-1: Foul Ball, location: 2F
3-2: Foul Ball, location: 2F
3-2: Foul Ball, location: 2F
3-2: Base on Balls
Phil Matthews to third
Júlio Trinidad to second
Batting: RHB Chris Parker 0-0: Ball
Wild Pitch!
Phil Matthews scores
Júlio Trinidad to third
Tim Robertson to second
1-0: Called Strike
1-1: Ball
2-1: Swinging Strike
2-2: Ball
3-2: Base on Balls
Batting: RHB Benjamin Lawson 0-0: Ball
1-0: Ball
2-0: Ball
3-0: Called Strike
3-1: Foul Ball, location: 2F
3-2: Base on Balls
Júlio Trinidad scores
Tim Robertson to third
Chris Parker to second
Batting: RHB Gilberto Guzmán 0-0: Called Strike
0-1: Ball
1-1: Ball
2-1: SINGLE (Groundball, 56D) (infield hit)
Tim Robertson scores
Chris Parker to third
Benjamin Lawson to second
Batting: RHB Santiago Vallés 0-0: GRAND SLAM HOME RUN (Line Drive, 7LD), Distance : 374 ft
Batting: LHB Héctor Rentería 0-0: Ball
1-0: Ball
2-0: Ball
3-0: Base on Balls
Batting: RHB Keith Ford 0-0: Ball
1-0: Ball
2-0: Ball
3-0: Called Strike
3-1: Fly out, F3 (Popup, 34)
Bottom of the 7th over - 8 run(s), 3 hit(s), 0 error(s), 1 left on base; West Virginia 1 - New Hampshire 9
TOP OF THE 8TH
West Virginia Power batting - Pitching for New Hampshire Fisher Cats : RHP Takechi Sayuki
Now at 2B: Cam Flowers
Batting: RHB Brett Bell 0-0: Called Strike
0-1: Ball
1-1: Foul Ball, location: 2F
1-2: Strikes out swinging
Pitching: LHP Steve Paredes
Pinch Hitting: RHB Tyler Baker 0-0: Foul Ball, location: 2F
0-1: Called Strike
0-2: Foul Ball, location: 2F
0-2: Ball
1-2: Ball
2-2: SINGLE (Line Drive, 8RS)
Batting: RHB Alfonso Huertas 0-0: Ball
1-0: Ball
2-0: Ball
3-0: Called Strike
3-1: Base on Balls
Tyler Baker to second
Batting: LHB Fernando Ortíz 0-0: Foul Ball, location: 2F
0-1: Ball
1-1: Swinging Strike
1-2: Strikes out swinging
Pitching: RHP Dan Ford
Batting: LHB Pablo Reyes 0-0: Called Strike
0-1: Fly out, F7 (Flyball, 7M)
Top of the 8th over - 0 run(s), 1 hit(s), 0 error(s), 2 left on base; West Virginia 1 - New Hampshire 9
BOTTOM OF THE 8TH
New Hampshire Fisher Cats batting - Pitching for West Virginia Power : RHP Kenny Skinner
Pitching: RHP Dave McGrath
Now in LF: Luis Pérez
Batting: RHB Phil Matthews 0-0: Ball
1-0: SINGLE (Line Drive, 7S)
Batting: RHB Júlio Trinidad 0-0: Called Strike
0-1: Swinging Strike
0-2: Strikes out swinging
Batting: RHB Tim Robertson 0-0: SINGLE (Line Drive, 7S)
Phil Matthews to second
Batting: RHB Chris Parker 0-0: Ball
1-0: Called Strike
1-1: Foul Ball, location: 2F
1-2: Ball
2-2: Foul Ball, location: 2F
2-2: Ball
3-2: Foul Ball, location: 2F
3-2: Ground out 5-3 (Groundball, 56S)
Phil Matthews to third
Tim Robertson to second
Batting: RHB Benjamin Lawson 0-0: Hit by Pitch
Batting: LHB Cam Flowers 0-0: Ball
1-0: Called Strike
1-1: Ground out 4-3 (Groundball, 4)
Bottom of the 8th over - 0 run(s), 2 hit(s), 0 error(s), 3 left on base; West Virginia 1 - New Hampshire 9
TOP OF THE 9TH
West Virginia Power batting - Pitching for New Hampshire Fisher Cats : RHP Dan Ford
Batting: SHB Edward Bartlett 0-0: Ball
1-0: Called Strike
1-1: Ball
2-1: Ball
3-1: Base on Balls
Batting: LHB Jesús Ángel 0-0: Ball
1-0: Foul Ball, location: 2F
1-1: Swinging Strike
1-2: Strikes out looking
Batting: SHB José Valdéz 0-0: Swinging Strike
0-1: Ball
1-1: Swinging Strike
1-2: Strikes out swinging
Batting: RHB Ron Guillén 0-0: Ball
1-0: Swinging Strike
1-1: Ground out 5-3 (Groundball, 5)
Top of the 9th over - 0 run(s), 0 hit(s), 0 error(s), 1 left on base; West Virginia 1 - New Hampshire 9
This league is powered by Out of the Park Baseball, the baseball management simulation game for PC, Mac and Linux
Saturday, April 9th, 2016 - OOTP Baseball 16.8 Build 38